 Dungeon Crawl Stone Soup version 0.30.0-29-ga12c61a403 (webtiles) character file.

Game seed: 6788157893836845761

272 booth the Stinger (level 6, -3/66 HPs)
             Began as a Demonspawn Venom Mage on June 4, 2023.
             Slain by Grinder (6 damage)
             ... on level 3 of the Dungeon.
             The game lasted 00:23:57 (3235 turns).

booth the Stinger (Demonspawn Venom Mage)           Turns: 3235, Time: 00:23:58

Health: -3/66      AC: 23    Str:  8    XL:     6   Next: 2%
Magic:  10/10      EV:  2    Int: 15    God:
Gold:   236        SH:  3    Dex: 13    Spells: 5/11 levels left

rFire   + + .        m - +0 mace (venom)
rCold   . . .        i - +0 buckler
rNeg    . . .        j - melded +1 robe {rC+ rF+}
rPois   +            q - melded +2 hat
rElec   .            (cloak currently unavailable)
rCorr   .            (gloves currently unavailable)
SInv    .            f - melded +1 pair of boots
Will    .....        (no amulet)
Stlth   ++           n - ring of protection from fire
HPRegen 1.11/turn    o - ring of protection from fire
MPRegen 0.12/turn

%: no passive effects
@: tree-form
A: stationary, stasis, torment immunity, boosted hp, rugged brown scales 1,
(demonic touch 1), dopey 1, regeneration 1, weak 1
a: no special abilities


You were on level 3 of the Dungeon.
You were a tree.
You visited 1 branch of the dungeon, and saw 3 of its levels.

You collected 236 gold pieces.

Inventory:

Hand Weapons
 m - a +0 mace of venom (weapon)
Missiles
 e - 2 poisoned darts (quivered)
Armour
 f - a +1 pair of boots (melded)
 i - a +0 buckler (worn)
 j - a +1 robe of resistance (melded)
 l - a +0 leather armour
 q - a +2 hat (melded)
Jewellery
 n - a ring of protection from fire (left branch)
 o - a ring of protection from fire (right branch)
Wands
 p - a wand of polymorph (8)
Scrolls
 c - a scroll of amnesia {unknown}
 g - a scroll of brand weapon
 h - a scroll of teleportation {unknown}
 s - a scroll of immolation {unknown}
Potions
 b - a potion of magic
 d - a potion of flight
 r - a potion of cancellation


   Skills:
 + Level 1.0 Fighting
 + Level 2.2 Maces & Flails
 + Level 0.1 Throwing
 + Level 2.3 Dodging
 + Level 2.3 Stealth
 + Level 3.1 Spellcasting
 + Level 1.0 Transmutations
 + Level 1.1 Air Magic
 + Level 4.3 Poison Magic


You had 5 spell levels left.
You knew the following spells:

 Your Spells              Type           Power      Damage    Failure   Level
a - Sting                 Tmut/Pois      40%        1d5       11%         1
b - Poisonous Vapours     Pois/Air       20%        N/A       16%         2
c - Mephitic Cloud        Conj/Pois/Air  7%         N/A       41%         3

Your spell library contained the following spells:

 Spells                   Type           Power      Damage    Failure   Level
 Olgreb's Toxic Radiance  Pois           15%        N/A       47%         4


Dungeon Overview and Level Annotations

Branches:
Dungeon (3/15)

Altars:
Ashenzari
Fedhas
Sif Muna
Uskayaw
Vehumet

Shops:
D:2 =

Annotations:
D:3 1 runed translucent door, Grinder; Kelyas's ghost, amateur DsCj


Innate Abilities, Weirdness & Mutations

You are a tree.
Your roots penetrate the ground, keeping you stationary.
You cannot be teleported.
You are immune to unholy pain and torment.
Your maximum health is greatly increased.
Your equipment is partially melded.
(You are partially covered in rugged brown scales. (AC +1, +3% HP))
((Your touch may inflict minor irresistible damage on your foes.))
You are dopey. (Int -2)
Your natural rate of healing is unusually fast.
You are weak. (Str -2)


Message History

You kill the bat!
Found 8 gold pieces.
You see here a bat corpse.
Found a shimmering blue altar of Sif Muna.
You now have enough gold to buy a +2 ring of slaying on D:2.
You can access your shopping list by pressing '$'.
You now have 236 gold pieces (gained 8).
You see here a bat corpse.
Found a stone staircase leading down.
Grinder comes into view.
Grinder shouts!
Grinder hits you.
You writhe in agony.
You closely miss Grinder. Grinder hits you but does no damage.
Grinder hits you.
You writhe in agony.
You hit Grinder.
Grinder is lightly wounded.
Grinder gestures at you. Pain shoots through your body!
You barely miss Grinder. Grinder hits you.
* * * LOW HITPOINT WARNING * * *
You writhe in agony.
* * * LOW HITPOINT WARNING * * *
It was a potion of lignification.
You turn into a tree.
Your +2 hat melds into your body.
Your +1 pair of boots melds into your body.
Your +1 robe of resistance melds into your body.
You feel hot and cold all over.
Your roots penetrate the ground.
Grinder hits you!
* * * LOW HITPOINT WARNING * * *
It was a potion of mutation.
You feel extremely strange.
You begin to heal more quickly.
You feel weaker.
You feel stupid.
Grinder blinks!
Casting: Poisonous Vapours (safe; 16% risk of failure)
Confirm with . or Enter, or press ? or * to list all spells.
You can't see any susceptible monsters within range! (Use Z to cast anyway.) Unknown command.
You hit Grinder.
Grinder is lightly wounded.
Grinder hits you but does no damage. Grinder hits you.
You die...

### #.# #.# ###########.#
#...........#
#######.#########.#######
.........# #####5.......
#######..# #...♣.......# #..#
#.###.#####.# #..# #.# #..#
#.###.#.#.######. #######..###...
... ....... ....g ...............
#.# #.#.#.####.#. .....##.....#..
#.###.#..........
.....##>.........................
.....#####.##...#.###.#.#.#.##.#.


You could see Grinder.

Vanquished Creatures
  Sigmund (D:3)
  5 adders
  2 worms (D:2)
  2 dart slugs
  An orc (D:3)
  3 ball pythons
  6 bats
  6 endoplasms
  3 giant cockroaches
  4 goblins
  8 hobgoblins
  5 kobolds
  A quokka (D:2)
  3 frilled lizards
  9 rats
59 creatures vanquished.

Notes
Turn   | Place    | Note
-------+----------+-------------------------------------------
     0 | D:1      | booth the Demonspawn Venom Mage began the quest for the
                  | Orb.
     0 | D:1      | Reached XP level 1. HP: 13/13 MP: 3/3
   239 | D:1      | Gained mutation: You are partially covered in rugged brown
                  | scales. (AC +1, +3% HP) [demonic ancestry]
   239 | D:1      | Reached XP level 2. HP: 13/19 MP: 3/5
   248 | D:1      | Learned a level 2 spell: Poisonous Vapours
   944 | D:1      | Reached XP level 3. HP: 24/24 MP: 4/6
   948 | D:1      | Learned a level 3 spell: Mephitic Cloud
  1031 | D:1      | Reached skill level 1 in Transmutations
  1252 | D:2      | Found Naaxoiw's One-of-a-Kind Rings.
  1390 | D:2      | Found a hide-covered altar of Uskayaw.
  1591 | D:2      | Reached skill level 1 in Maces & Flails
  1655 | D:2      | Gained mutation: Your touch may inflict minor irresistible
                  | damage on your foes. [demonic ancestry]
  1655 | D:2      | Reached XP level 4. HP: 24/30 MP: 1/7
  2559 | D:3      | Found a radiant altar of Vehumet.
  2560 | D:3      | Found a blossoming altar of Fedhas.
  2560 | D:3      | Found a broken altar of Ashenzari.
  2636 | D:3      | Reached skill level 4 in Poison Magic
  2910 | D:3      | Noticed Sigmund
  2920 | D:3      | Killed Sigmund
  2921 | D:3      | Reached skill level 1 in Fighting
  2921 | D:3      | Reached skill level 1 in Air Magic
  2921 | D:3      | Reached XP level 5. HP: 35/38 MP: 2/9
  2921 | D:3      | Reached XP level 6. HP: 41/44 MP: 2/10
  3061 | D:3      | Found a runed translucent door.
  3064 | D:3      | Noticed Kelyas's ghost (amateur DsCj)
  3146 | D:3      | Found a shimmering blue altar of Sif Muna.
  3227 | D:3      | Noticed Grinder
  3233 | D:3      | HP: 1/66 [Grinder (8)]
  3234 | D:3      | Gained mutation: Your natural rate of healing is unusually
                  | fast. [potion of mutation]
  3234 | D:3      | Gained mutation: You are weak. (Str -2) [potion of
                  | mutation]
  3234 | D:3      | Gained mutation: You are dopey. (Int -2) [potion of
                  | mutation]
  3235 | D:3      | Slain by Grinder

Illustrated notes

Levels and vault maps discovered:
D:1:      wander_arrival_estate, layout_basic, minmay_pentomino_v2
D:2:      layout_basic, basic_altar, nicolae_shop_unique_rings, minmay_tall_x
D:3:      layout_basic, marbit_many_paths,
          chequers_temple_overflow_statue_of_worship,
          hellmonk_ghost_happy_afterlife, uniq_grinder, uniq_crazy_yiuf_cottage,
          uniq_natasha, uniq_sigmund

Skill      XL: |  1  2  3  4 |
---------------+-------------+-----
Stealth        | 2 |  2.3
Dodging        | 2 |  2.3
Transmutations | 1 |  1.0
Maces & Flails | 1 2 |  2.2
Poison Magic   | 4 |  4.3
Fighting       | 1 |  1.0
Spellcasting   | 3 |  3.1
Air Magic      | 1 |  1.1
Throwing       | |  0.1

Action                     |  1- 3 |  4- 6 || total
---------------------------+-------+-------++-------
  Melee: Unarmed           |     8 |       ||     8
         Club              |    51 |    25 ||    76
         Punch             |     1 |     1 ||     2
         Mace              |       |    25 ||    25
         Touch             |       |     7 ||     7
  Throw: Dart              |     4 |       ||     4
   Cast: Sting             |    33 |     3 ||    36
         Poisonous Vapours |    11 |    11 ||    22
    Use: Scroll            |       |     7 ||     7
         Potion            |       |     3 ||     3
   Stab: Sleeping          |     2 |       ||     2
 Armour: Robe              |    14 |    13 ||    27
         Skin              |       |     1 ||     1
  Dodge: Dodged            |    40 |    23 ||    63
  Block: Buckler           |       |     1 ||     1
